 Dungeon Crawl Stone Soup version 0.22-a0-362-g535178c (webtiles) character file.

1171 RoseArtemis the Chopper (level 8, -9/71 HPs)
             Began as a Minotaur Fighter on Apr 19, 2018.
             Was a Follower of Makhleb.
             Mangled by a wraith (12 damage)
             ... on level 5 of the Dungeon.
             The game lasted 00:14:02 (4203 turns).

RoseArtemis the Chopper (Minotaur Fighter)          Turns: 4203, Time: 00:14:03

Health: -9/71      AC:  0    Str: 27    XL:     8   Next: 18%
Magic:  7/7        EV: 13    Int:  6    God:    Makhleb [*.....]
Gold:   206        SH:  0    Dex: 10    Spells: 7/7 levels left

rFire    . . .     SeeInvis .   (weapon currently unavailable)
rCold    . . .     Gourm    .   (shield currently unavailable)
rNeg     . . .     Faith    .   (armour currently unavailable)
rPois    .         Spirit   .   (helmet currently unavailable)
rElec    .         Reflect  .   (cloak currently unavailable)
rCorr    .         Harm     .   (gloves currently unavailable)
MR       .....                  (boots currently unavailable)
Stlth    +.........             (no amulet)
HPRegen  0.21/turn              (ring currently unavailable)
MPRegen  0.10/turn              (ring currently unavailable)

@: mighty, pig-form (expiring), slowed
A: small, (retaliatory headbutt)
a: Renounce Religion


You were on level 5 of the Dungeon.
You worshipped Makhleb.
Makhleb was aware of your devotion.
You were not hungry.
You were a filthy swine.
You visited 2 branches of the dungeon, and saw 6 of its levels.

You collected 346 gold pieces.
You spent 140 gold pieces at shops.

Inventory:

Hand Weapons
 a - a +1 war axe (melded)
Armour
 b - a +0 scale mail (melded)
 c - a +0 shield (melded)
 k - a +0 pair of gloves (melded)
 m - a scarf of resistance (melded)
Jewellery
 e - an uncursed ring of protection from fire {unknown}
 u - an uncursed amulet of the gourmand
 z - an uncursed amulet of magic regeneration {unknown}
 A - an uncursed ring of protection from magic {unknown}
Wands
 l - a wand of acid (7)
 y - a wand of random effects (30)
Scrolls
 g - 2 scrolls of teleportation
 r - 5 scrolls of remove curse
 t - 4 scrolls of amnesia
 x - a scroll of enchant armour {unknown}
Potions
 h - a potion of invisibility
 i - a potion of degeneration
 j - 2 potions of curing
 n - a potion of brilliance
 o - 2 potions of lignification
 p - a potion of agility
 s - 2 potions of flight
 v - a potion of mutation
Miscellaneous
 w - a phial of floods
Comestibles
 f - 9 rations
 q - 3 chunks of flesh


   Skills:
 + Level 6.3 Fighting
 * Level 7.7 Axes
 + Level 6.3 Armour
 + Level 6.3 Shields


You had 7 spell levels left.
You didn't know any spells.

Dungeon Overview and Level Annotations

Branches:
Dungeon (5/15)             Temple (1/1) D:4

Altars:
Ashenzari
Cheibriados
Dithmenos
Elyvilon
Fedhas
Gozag
Hepliaklqana
Kikubaaqudgha
Makhleb
Nemelex Xobeh
Okawaru
Qazlal
Ru
Sif Muna
Trog
Uskayaw
Wu Jian
Xom
Yredelemnul
Zin
The Shining One

Shops:
D:4 ??(


Innate Abilities, Weirdness & Mutations

((You reflexively headbutt those who attack you in melee.))
((You have a pair of horns on your head.))


Message History

The centaur zombie is moderately damaged.
The centaur zombie misses you.
The crimson imp lashes its tail.
The orc hits you.
* * * LOW HITPOINT WARNING * * *
The wraith hits you.
* * * LOW HITPOINT WARNING * * *
The wraith drains your vigour!
You feel as though you will be slow longer.
The crimson imp grins evilly.
The crimson imp blinks!
The centaur zombie hits you.
* * * LOW HITPOINT WARNING * * *
The orc closely misses you.
Your transformation is almost over.
The wraith hits you!
* * * LOW HITPOINT WARNING * * *
The wraith drains your vigour!
You feel as though you will be slow longer.
You hit the wraith but do no damage. The wraith hits you!
You die...

#################
..................#
.#...#...#h..#...#.###.
..#)#...#W#Z..#.#..#..
...#...#o†.#...#.....#
....................####
#...#...#§.5#...#......#
#.#...#.#...#.#.......#
...#...#...#...#........#
...........a............#
.#...#...#.o.#...#5.....+


You could see a wraith, an orc and a centaur zombie.

Vanquished Creatures
  An orc warrior (D:2)
  A phantom (D:5)
  A centaur (D:5)
  2 ogres
  A bullfrog (D:4)
  Blork the orc (D:4)
  2 scorpions
  A centaur skeleton (D:5)
  A jelly (D:5)
  2 orc wizards
  An iguana (D:4)
  Natasha (thrice) (D:4)
  4 worker ants
  3 gnolls (D:3)
  A howler monkey skeleton (D:5)
  5 adders
  An ooze (D:2)
  An adder zombie (D:5)
  An adder skeleton (D:4)
  4 worms
  4 dart slugs
  7 leopard geckos
  7 orcs
  2 ball pythons
  6 giant cockroaches
  8 goblins
  6 hobgoblins
  3 jackals (D:1)
  3 quokkas
  8 bats
  6 frilled lizards
  7 kobolds
  A quokka skeleton (D:4)
  5 rats
  2 plants (D:2)
112 creatures vanquished.

Notes
Turn   | Place    | Note
-------+----------+-------------------------------------------
     0 | D:1      | RoseArtemis the Minotaur Fighter began the quest for the Orb.
     0 | D:1      | Reached XP level 1. HP: 19/19 MP: 0/0
    73 | D:1      | Reached XP level 2. HP: 27/27 MP: 1/1
   109 | D:1      | Reached skill level 3 in Axes
   355 | D:1      | Reached XP level 3. HP: 33/33 MP: 2/2
  1091 | D:2      | Reached XP level 4. HP: 40/40 MP: 3/3
  1378 | D:2      | Noticed an orc warrior
  1383 | D:2      | Killed an orc warrior
  1383 | D:2      | Reached skill level 4 in Axes
  1383 | D:2      | Reached XP level 5. HP: 47/47 MP: 4/4
  1439 | D:2      | Found a burning altar of Makhleb.
  1439 | D:2      | Noticed an Executioner
  1442 | D:2      | Noticed a neqoxec
  1442 | D:2      | Noticed a ynoxinul
  1444 | D:2      | Became a worshipper of Makhleb the Destroyer
  1636 | D:3      | Reached skill level 5 in Axes
  1794 | D:3      | Found a transporter.
  1800 | D:3      | Found a transporter.
  1807 | D:3      | Noticed an ogre
  1834 | D:3      | Reached XP level 6. HP: 36/55 MP: 5/5
  1875 | D:3      | Found a bloodstained altar of Trog.
  2072 | D:3      | Reached skill level 5 in Shields
  2095 | D:3      | Found an ornate altar of the Wu Jian Council.
  2295 | D:3      | Reached skill level 5 in Fighting
  2295 | D:3      | Reached skill level 5 in Armour
  2535 | D:4      | Found Seatoo's Magic Scroll Boutique.
  2540 | D:4      | Bought a scroll of identify for 28 gold pieces
  2540 | D:4      | Bought a scroll of identify for 28 gold pieces
  2540 | D:4      | Bought a scroll of identify for 28 gold pieces
  2540 | D:4      | Bought a scroll of identify for 28 gold pieces
  2540 | D:4      | Bought a scroll of identify for 28 gold pieces
  2580 | D:4      | Noticed Natasha
  2589 | D:4      | Killed Natasha
  2589 | D:4      | Reached * piety under Makhleb
  2793 | D:4      | Noticed Natasha
  2798 | D:4      | Killed Natasha
  2814 | D:4      | Noticed Natasha
  2822 | D:4      | Killed Natasha
  2822 | D:4      | Reached skill level 6 in Axes
  2915 | D:4      | Reached XP level 7. HP: 57/61 MP: 6/6
  2945 | D:4      | Found Xoamitate's Magic Scroll Emporium.
  2963 | D:4      | Found Niux's Antique Weapon Emporium.
  3078 | D:4      | Noticed Blork the orc
  3090 | D:4      | Killed Blork the orc
  3381 | D:4      | Found a staircase to the Ecumenical Temple.
  3400 | Temple   | Entered the Ecumenical Temple
  3907 | D:5      | Entered Level 5 of the Dungeon
  3922 | D:5      | Reached skill level 7 in Axes
  3939 | D:5      | Reached XP level 8. HP: 34/70 MP: 7/7
  4202 | D:5      | HP: 3/71 [wraith (8)]
  4203 | D:5      | Mangled by a wraith

Vault maps used:
D:1:      minmay_arrival_glassed_features
D:2:      makhleb_altar_promises_db, serial_forest,
          infiniplex_forest_clump_medium, infiniplex_forest_straight_2,
          infiniplex_forest_lined_room_2, infiniplex_forest_straight_2,
          infiniplex_forest_lined_1, infiniplex_forest_fountain,
          kennysheep_doodads, minivault_27
D:3:      overflow_temple_1_default, gammafunk_temple_overflow_arena
D:4:      minmay_temple_entry_grid, first_ration, serial_shops,
          nicolae_shop_behind_doors, kennysheep_little_box, shop_coins,
          uniq_natasha, uniq_blork_the_orc
D:5:      cheibrodos_fzero
Temple:   regret_index_temple_mists

Skill      XL: |  1  2  3  4  5  6  7 |
---------------+----------------------+-----
Axes           | 3 4 5 6 7 |  7.7
Shields        | 4 5 6 |  6.3
Fighting       | 4 5 6 |  6.3
Armour         | 4 5 6 |  6.3

Action                   |  1- 3 |  4- 6 |  7- 9 || total
-------------------------+-------+-------+-------++-------
Melee: War axe           |   125 |   134 |    65 ||   324
       Headbutt          |    16 |    23 |    15 ||    54
       Unarmed           |       |       |    13 ||    13
  Use: Scroll            |     1 |     7 |     7 ||    15
       Potion            |       |     3 |     2 ||     5
  Eat: Chunk             |     1 |     6 |     4 ||    11
Armor: Scale mail        |    68 |    54 |    20 ||   142
       Skin              |       |       |     7 ||     7
Dodge: Dodged            |    47 |    22 |    51 ||   120
Block: Shield            |    66 |    67 |    43 ||   176

Table legend:
 A = Spawn XP
 B = Non-spawn XP
 C = Spawn XP percentage of total XP
 D = Spawn monster count
 E = Non-spawn monster count
 F = Spawn count percentage of total count
 G = Total turns spent on level
                    A         B        C        D         E        F      G
               +---------+---------+-------+---------+---------+-------+---------
         Total |       0 |    1673 |   0.0 |       0 |     110 |   0.0 |  4203
               +---------+---------+-------+---------+---------+-------+---------
           D:1 |       0 |      64 |   0.0 |       0 |      32 |   0.0 |   757
           D:2 |       0 |     247 |   0.0 |       0 |      26 |   0.0 |   722
           D:3 |       0 |     273 |   0.0 |       0 |      23 |   0.0 |  1000
           D:4 |       0 |     544 |   0.0 |       0 |      14 |   0.0 |  1243
           D:5 |       0 |     545 |   0.0 |       0 |      15 |   0.0 |   296
               +---------+---------+-------+---------+---------+-------+---------
